 Dungeon Crawl Stone Soup version 0.25.1-1-g288607f5aa (webtiles) character file.

Game seed: 7569891233930204982

329 H0rd4k the Insei (level 6, 0/38 HPs)
             Began as an Octopode Transmuter on July 20, 2020.
             Slain by a bullfrog (5 damage)
             ... in a sewer.
             The game lasted 00:06:10 (4934 turns).

H0rd4k the Insei (Octopode Transmuter)              Turns: 4934, Time: 00:06:11

Health: 0/38       AC:  1    Str: 10    XL:     6   Next: 51%
Magic:  10/10      EV: 14    Int: 17    God:
Gold:   226        SH:  0    Dex: 12    Spells: 5/11 levels left

rFire    . . .     SeeInvis .     - Unarmed
rCold    . . .     Gourm    .   (no shield)
rNeg     . . .     Faith    .   (helmet restricted)
rPois    .         Spirit   .   (no amulet)
rElec    .         Reflect  .   d - ring of resist corrosion
rCorr    +         Harm     .   (no ring)
MR       .....                  (no ring)
Stlth    ++++......             (no ring)
HPRegen  0.12/turn              (no ring)
MPRegen  0.12/turn              (no ring)
                                (no ring)
                                (no ring)

@: no status effects
A: almost no armour, stealthy swim, amphibious, 8 rings, constrict 8, camouflage
1, gelatinous body 1
a: no special abilities


You were in a sewer.
You were not hungry.

You visited 1 branch of the dungeon, and saw 4 of its levels.
You also visited: Sewer.

You collected 265 gold pieces.
You spent 39 gold pieces at shops.

Inventory:

Missiles
 a - 53 arrows
 g - 44 poisoned darts (quivered)
Magical Staves
 q - an uncursed staff of poison
Jewellery
 d - a ring of resist corrosion (left tentacle)
Scrolls
 b - 4 scrolls of remove curse {unknown}
 f - a scroll of blinking {unknown}
 h - a scroll of magic mapping {unknown}
 i - a scroll of noise {unknown}
 m - 4 scrolls of identify {unknown}
 o - a scroll of fear {unknown}
 p - a scroll of amnesia {unknown}
 s - 2 scrolls of immolation {unknown}
Potions
 k - a potion of brilliance {unknown}
 l - a potion of curing
Comestibles
 c - 6 rations
 j - 6 chunks of flesh


   Skills:
 + Level 1.3 Fighting
 + Level 2.7 Dodging
 + Level 3.0 Stealth
 + Level 5.2 Unarmed Combat
 * Level 3.1 Spellcasting
 * Level 2.9 Transmutations


You had 5 spell levels left.
You knew the following spells:

 Your Spells              Type           Power        Failure   Level  Hunger
a - Beastly Appendage     Tmut           ##....       5%          1    None
b - Sticks to Snakes      Tmut           ##......     8%          2    ##.....
c - Spider Form           Tmut/Pois      #.........   28%         3    ###....

Your spell library contained the following spells:

 Spells                   Type           Power        Failure   Level  Hunger
 Ice Form                 Ice/Tmut       #.......     67%         4    ####...
 Blade Hands              Tmut           ##........   82%         5    ######.


Dungeon Overview and Level Annotations

Branches:
Dungeon (4/15)              Sewer (1/1)
 Temple: D:4-7

Altars:
Ashenzari

Shops:
D:4 (!**


Innate Abilities, Weirdness & Mutations

You cannot wear most types of armour.
You are very stealthy in the water. (Stealth+)
You are amphibious.
You can wear up to eight rings at the same time.
You can use your tentacles to constrict eight enemies at once.
Your skin changes colour to match your surroundings (Stealth+).
Your rubbery body absorbs attacks. (AC +1, EV +1)


Message History

The bullfrog is almost dead.
You constrict the bullfrog.
You kill the bullfrog!
Your Stealth skill increases to level 3!
The frilled lizard barely misses you. The bullfrog hits you.
* * * LOW HITPOINT WARNING * * *
As you read the scroll of teleportation, it crumbles to dust.
You feel strangely unstable. The bullfrog hits you.
* * * LOW HITPOINT WARNING * * *
The frilled lizard closely misses you. The bullfrog misses you.
Your surroundings seem slightly different.
Floosh!
It was a potion of curing.
You feel better. The bullfrog hits you!
* * * LOW HITPOINT WARNING * * *
The bullfrog hits you but does no damage.
You barely miss the bullfrog. Your grab misses the bullfrog.
Your tentacle spike disappears.
The bullfrog hits you.
You die...

#≈# #≈# #≈#
###≈################
#..≈.≈≈≈≈..≈≈.....≈.
#÷≈≈≈≈≈≈≈≈s≈≈≈≈≈≈≈≈≈
#.≈≈≈≈≈≈≈≈≈≈≈≈≈≈≈≈≈≈
#.≈÷≈≈≈≈≈≈≈≈≈≈≈≈≈≈≈≈
#..≈≈≈@≈≈≈≈.≈≈..≈≈≈.
##≈≈≈##F≈≈≈≈########
#≈≈≈##≈≈≈≈.#
#≈≈≈##≈≈≈≈.#
#.≈≈##.≈≈≈.# #######
#.≈≈##.≈≈l.###≈≈≈≈≈##
#.≈≈##.≈≈≈.#≈≈≈≈≈≈≈≈##
#.≈.##.≈≈≈.#≈≈≈≈≈≈≈≈≈#
##÷###.≈≈≈.≈≈≈≈≈≈≈≈≈≈≈


You could see a bullfrog, a giant cockroach and a frilled lizard.

Vanquished Creatures
  A bullfrog (Sewer)
  2 orc priests
  A worker ant (D:4)
  A gnoll (D:1)
  7 adders
  2 oozes (D:1)
  An adder skeleton (D:4)
  A worm (D:4)
  3 leopard geckos
  5 orcs
  3 ball pythons
  10 giant cockroaches
  18 goblins
  9 hobgoblins
  5 jackals (D:1)
  4 bats
  4 frilled lizards
  7 kobolds
  6 rats
90 creatures vanquished.

Notes
Turn   | Place    | Note
-------+----------+-------------------------------------------
     0 | D:1      | H0rd4k the Octopode Transmuter began the quest for the Orb.
     0 | D:1      | Reached XP level 1. HP: 13/13 MP: 3/3
     1 | D:1      | Found a runed translucent door.
   259 | D:1      | Reached XP level 2. HP: 12/18 MP: 5/5
   615 | D:1      | Reached XP level 3. HP: 5/23 MP: 4/6
   624 | D:1      | Learned a level 2 spell: Sticks to Snakes
   628 | D:1      | Learned a level 3 spell: Spider Form
   971 | D:1      | Reached skill level 4 in Unarmed Combat
  1446 | D:1      | Reached skill level 1 in Stealth
  1662 | D:2      | Reached XP level 4. HP: 27/28 MP: 5/7
  1765 | D:2      | Found a shattered altar of Ashenzari.
  2750 | D:3      | Reached XP level 5. HP: 28/33 MP: 8/8
  3632 | D:3      | Noticed Robin
  4425 | D:4      | Found Alaoq's General Store.
  4458 | D:4      | Noticed an ogre
  4480 | D:4      | Found Macviuk's Antique Weapon Boutique.
  4537 | D:4      | Found Wygeulem's Lightly-Used Armoury.
  4578 | D:4      | Found Haoqooj's Distillery.
  4639 | D:4      | Bought a scroll of teleportation for 39 gold pieces
  4688 | D:4      | Reached XP level 6. HP: 25/38 MP: 8/10
  4776 | D:4      | Reached skill level 5 in Unarmed Combat
  4833 | D:4      | Found a glowing drain.
  4842 | Sewer    | Entered a sewer
  4934 | Sewer    | Slain by a bullfrog

Illustrated notes

Levels and vault maps discovered:
D:1:      dpeg_arrival_caged_fury, layout_loops_corners
D:2:      layout_loops_ring, lemuel_round_altar
D:3:      layout_basic, uniq_robin
D:4:      layout_gridville, minmay_temple_entry_arrows, first_ration,
          cheibrodos_sewer_entry_sluice, serial_shops, shop,
          kennysheep_little_box, shop_statue, shop_coins, chequers_mini_garden,
          minmay_shop_damaged
Sewer:    sewer_frog_island_01

Skill      XL: |  1  2  3  4  5  6 |
---------------+-------------------+-----
Unarmed Combat | 4 5 |  5.2
Stealth        | 1 2 3 |  3.0
Spellcasting   | 3 |  3.1
Fighting       | |  1.3
Dodging        | |  2.7
Transmutations | |  2.9

Action                   |  1- 3 |  4- 6 || total
-------------------------+-------+-------++-------
Melee: Unarmed           |    96 |   133 ||   229
       Constrict         |    20 |    35 ||    55
       Tentacles         |    12 |    20 ||    32
       Kick              |     4 |    17 ||    21
       Punch             |     2 |     2 ||     4
 Cast: Beastly Appendage |     3 |    10 ||    13
  Use: Potion            |       |     4 ||     4
       Scroll            |       |     2 ||     2
 Stab: Sleeping          |     7 |     6 ||    13
  Eat: Chunk             |     2 |     7 ||     9
       Ration            |       |     1 ||     1
Armor: Skin              |     5 |    10 ||    15
Dodge: Dodged            |    53 |    89 ||   142
